3049 views
Uploaded 2020-03-23 20:00:04
Game version 1.32.3
44:04 long 4on4 ladder game on (8)Deadlock_LV
Saved by BEARAND
3049 views
Uploaded 2020-03-23 20:00:04
Game version 1.32.3
44:04 long 4on4 ladder game on (8)Deadlock_LV


127 units @ 13.4k
/ 1k
392 buildings @ 25.1k
/ 11.7k



| Moonstone | 2 | 100 |
| Staff of Preservation | 3 | 450 |
| Orb of Venom | 2 | 650 |
| Lesser Clarity Potion | 1 | 70 |
| Boots of Speed | 4 | 1000 |
| Staff of Teleportation | 4 | 600 |
| Circlet of Nobility | 3 | 525 |
| total: | 19 | 3395g |
| Wisp | 34 | 2040 | / | 0 |
| total: | 34 | 2040g | / | 0w |
| Altar of Elders | 1 | 180 | / | 50 |
| Moon Well | 33 | 5940 | / | 1320 |
| Tree of Life | 5 | 1700 | / | 925 |
| Ancient of Wonders | 3 | 270 | / | 90 |
| Hunter's Hall | 1 | 210 | / | 100 |
| Tree of Ages | 1 | 320 | / | 180 |
| Tree of Eternity | 1 | 330 | / | 200 |
| total: | 43 | 8300g | / | 2485w |
| 0:01 | Wisp |
| 0:03 | Altar of Elders |
| 0:06 | Wisp |
| 0:20 | Wisp |
| 0:23 | Moon Well |
| 0:34 | Wisp |
| 0:42 | Wisp |
| 0:54 | Wisp |
| 1:17 | Moon Well |
| 1:29 | Wisp |
| 1:46 | Wisp |
| 1:57 | Wisp |
| 2:10 | Wisp |
| 2:28 | Moon Well |
| 2:34 | Wisp |
| 2:41 | Force of Nature |
| 2:43 | Wisp |
| 2:53 | Wisp |
| 3:10 | Moon Well |
| 3:22 | Wisp |
| 3:38 | Wisp |
| 3:53 | Wisp |
| 4:01 | Wisp |
| 4:33 | Entangling Roots |
| 4:35 | Tree of Life |
| 4:38 | Wisp |
| 4:51 | Wisp |
| 5:09 | Boots of Speed |
| 5:34 | Tree of Ages |
| 6:01 | Moon Well |
| 7:04 | Wisp |
| 7:04 | Wisp |
| 7:04 | Wisp |
| 7:33 | Moon Well |
| 7:35 | Moon Well |
| 8:34 | Wisp |
| 8:40 | Ancient of Wonders |
| 8:49 | Wisp |
| 8:57 | Tree of Eternity |
| 9:08 | Frost Arrows |
| 9:24 | Moon Well |
| 9:25 | Moon Well |
| 9:35 | Hunter's Hall |
| 9:37 | Wisp |
| 10:22 | Moonstone |
| 10:27 | Wisp |
| 10:28 | Wisp |
| 10:28 | Wisp |
| 10:34 | Staff of Preservation |
| 10:38 | Moon Well |
| 10:38 | Moon Well |
| 11:21 | Boots of Speed |
| 11:22 | Staff of Teleportation |
| 11:33 | Boots of Speed |
| 11:46 | Circlet of Nobility |
| 12:02 | Well Spring |
| 12:32 | Moon Well |
| 12:57 | Moon Well |
| 13:14 | Staff of Teleportation |
| 13:28 | Moon Well |
| 13:55 | Moon Well |
| 14:10 | Soul Burn |
| 14:28 | Entangling Roots |
| 15:12 | Boots of Speed |
| 15:24 | Wisp |
| 15:24 | Wisp |
| 15:25 | Wisp |
| 15:28 | Ancient of Wonders |
| 15:29 | Ancient of Wonders |
| 16:27 | Forked Lightning |
| 16:30 | Staff of Teleportation |
| 16:30 | Circlet of Nobility |
| 16:41 | Orb of Venom |
| 16:49 | Staff of Preservation |
| 16:51 | Orb of Venom |
| 16:58 | Wisp |
| 16:59 | Wisp |
| 17:02 | Moon Well |
| 17:03 | Moon Well |
| 17:54 | Wisp |
| 18:02 | Moon Well |
| 18:02 | Moon Well |
| 18:11 | Moon Well |
| 18:11 | Moon Well |
| 18:12 | Moon Well |
| 18:13 | Moon Well |
| 18:52 | Moon Well |
| 18:58 | Moonstone |
| 19:01 | Lesser Clarity Potion |
| 19:05 | Moon Well |
| 19:06 | Moon Well |
| 19:14 | Moon Well |
| 19:16 | Moon Well |
| 19:57 | Staff of Teleportation |
| 19:59 | Circlet of Nobility |
| 20:54 | Moon Well |
| 21:43 | Moon Well |
| 21:48 | Moon Well |
| 21:51 | Moon Well |
| 22:29 | Tree of Life |
| 22:52 | Tree of Life |
| 23:01 | Moon Well |
| 23:51 | Staff of Preservation |
| 25:07 | Tree of Life |
| 27:56 | Incinerate |
| 28:30 | Frost Arrows |
| 28:53 | Thorns Aura |
| 36:00 | Tree of Life |
| 37:00 | Soul Burn |
| 37:44 | Nature's Blessing |
| 41:39 | Forked Lightning |
| Right click | 3462 |
| Select group | 2092 |
| Select | 567 |
| Assign group | 436 |
| Resource trade | 313 |
| Build/train/purchase | 145 |
| Use ability | 127 |
| Misc. action | 73 |
| Chat | 64 |
| Item give/drop | 5 |
| Minimap ping | 2 |



| Staff of Sanctuary | 3 | 750 |
| Staff of Teleportation | 3 | 450 |
| Orb of Venom | 2 | 650 |
| Staff of Silence | 3 | 1800 |
| Belt of Giant Strength +6 | 1 | 400 |
| Alleria's Flute of Accuracy | 1 | 400 |
| Runed Bracers | 2 | 800 |
| The Lion Horn of Stormwind | 1 | 400 |
| Amulet of Spell Shield | 1 | 600 |
| total: | 17 | 6250g |
| Peasant | 24 | 1800 | / | 0 |
| Dragonhawk Rider | 7 | 1400 | / | 210 |
| total: | 31 | 3200g | / | 210w |
| Scout Tower | 46 | 1380 | / | 920 |
| Arcane Tower | 1 | 70 | / | 50 |
| Guard Tower | 26 | 1820 | / | 1300 |
| Altar of Kings | 3 | 540 | / | 150 |
| Farm | 22 | 1760 | / | 440 |
| Lumber Mill | 1 | 120 | / | 0 |
| Town Hall | 1 | 385 | / | 205 |
| Arcane Vault | 3 | 390 | / | 90 |
| Barracks | 1 | 160 | / | 60 |
| Blacksmith | 1 | 140 | / | 60 |
| Gryphon Aviary | 5 | 700 | / | 750 |
| Arcane Sanctum | 1 | 150 | / | 140 |
| Keep | 1 | 320 | / | 210 |
| Castle | 1 | 360 | / | 210 |
| total: | 84 | 5725g | / | 2815w |
| 0:01 | Peasant |
| 0:06 | Altar of Kings |
| 0:13 | Peasant |
| 0:17 | Farm |
| 0:22 | Peasant |
| 0:33 | Lumber Mill |
| 0:35 | Peasant |
| 0:48 | Peasant |
| 1:04 | Peasant |
| 1:07 | Farm |
| 1:16 | Scout Tower |
| 1:26 | Peasant |
| 1:35 | Peasant |
| 1:40 | Scout Tower |
| 1:45 | Arcane Tower |
| 1:58 | Peasant |
| 2:07 | Guard Tower |
| 2:12 | Scout Tower |
| 2:14 | Scout Tower |
| 2:26 | Peasant |
| 2:31 | Blizzard |
| 2:35 | Peasant |
| 2:42 | Peasant |
| 2:53 | Guard Tower |
| 2:55 | Peasant |
| 3:40 | Scout Tower |
| 3:41 | Scout Tower |
| 3:45 | Peasant |
| 3:45 | Peasant |
| 4:06 | Town Hall |
| 4:09 | Scout Tower |
| 4:09 | Scout Tower |
| 4:10 | Scout Tower |
| 4:12 | Scout Tower |
| 4:15 | Brilliance Aura |
| 4:19 | Scout Tower |
| 4:25 | Farm |
| 4:36 | Farm |
| 4:38 | Guard Tower |
| 4:58 | Guard Tower |
| 4:59 | Guard Tower |
| 5:02 | Guard Tower |
| 5:16 | Scout Tower |
| 5:20 | Scout Tower |
| 5:28 | Peasant |
| 5:46 | Guard Tower |
| 5:49 | Scout Tower |
| 5:50 | Scout Tower |
| 5:55 | Peasant |
| 6:03 | Peasant |
| 6:24 | Scout Tower |
| 6:25 | Scout Tower |
| 6:31 | Peasant |
| 6:41 | Improved Masonry |
| 6:48 | Keep |
| 6:49 | Guard Tower |
| 6:52 | Staff of Teleportation |
| 7:00 | Guard Tower |
| 7:17 | Guard Tower |
| 7:18 | Scout Tower |
| 7:18 | Scout Tower |
| 7:20 | Scout Tower |
| 7:21 | Scout Tower |
| 8:20 | Peasant |
| 8:20 | Peasant |
| 8:21 | Guard Tower |
| 8:22 | Scout Tower |
| 8:23 | Scout Tower |
| 8:23 | Scout Tower |
| 8:24 | Scout Tower |
| 8:45 | Farm |
| 8:54 | Guard Tower |
| 9:28 | Castle |
| 9:29 | Peasant |
| 9:29 | Peasant |
| 9:32 | Guard Tower |
| 9:36 | Staff of Silence |
| 9:56 | Scout Tower |
| 9:57 | Scout Tower |
| 9:58 | Advanced Masonry |
| 10:01 | Guard Tower |
| 10:02 | Scout Tower |
| 10:02 | Scout Tower |
| 10:23 | Storm Bolt |
| 10:29 | Guard Tower |
| 10:31 | Arcane Vault |
| 10:32 | Arcane Vault |
| 10:38 | Guard Tower |
| 10:42 | Guard Tower |
| 10:43 | Scout Tower |
| 10:43 | Scout Tower |
| 10:49 | Arcane Vault |
| 10:56 | Guard Tower |
| 10:57 | Scout Tower |
| 11:12 | Staff of Teleportation |
| 11:26 | Guard Tower |
| 11:26 | Scout Tower |
| 11:27 | Scout Tower |
| 11:33 | Belt of Giant Strength +6 |
| 11:34 | Staff of Silence |
| 11:48 | Alleria's Flute of Accuracy |
| 12:01 | Scout Tower |
| 12:02 | Guard Tower |
| 12:08 | Guard Tower |
| 12:09 | Scout Tower |
| 12:09 | Scout Tower |
| 12:10 | Scout Tower |
| 12:11 | Scout Tower |
| 12:22 | Runed Bracers |
| 13:08 | Barracks |
| 13:09 | Imbued Masonry |
| 13:10 | Improved Lumber Harvesting |
| 13:11 | Guard Tower |
| 13:13 | Holy Light |
| 13:38 | Staff of Sanctuary |
| 13:41 | Staff of Sanctuary |
| 15:19 | Staff of Teleportation |
| 15:29 | Blacksmith |
| 15:38 | The Lion Horn of Stormwind |
| 16:10 | Runed Bracers |
| 16:41 | Blizzard |
| 18:07 | Orb of Venom |
| 18:20 | Staff of Sanctuary |
| 18:26 | Animal War Training |
| 18:29 | Farm |
| 18:31 | Studded Leather Armor |
| 18:33 | Farm |
| 18:59 | Advanced Lumber Harvesting |
| 19:05 | Scout Tower |
| 19:06 | Scout Tower |
| 19:07 | Scout Tower |
| 19:07 | Scout Tower |
| 20:01 | Guard Tower |
| 20:17 | Reinforced Leather Armor |
| 20:31 | Farm |
| 20:53 | Guard Tower |
| 21:14 | Amulet of Spell Shield |
| 21:16 | Staff of Silence |
| 21:41 | Bash |
| 23:10 | Gryphon Aviary |
| 23:12 | Dragonhide Armor |
| 23:12 | Iron Forged Swords |
| 23:17 | Orb of Venom |
| 24:19 | Gryphon Aviary |
| 24:30 | Arcane Sanctum |
| 24:32 | Dragonhawk Rider |
| 24:32 | Dragonhawk Rider |
| 25:55 | Peasant |
| 27:01 | Scout Tower |
| 27:01 | Scout Tower |
| 27:21 | Dragonhawk Rider |
| 27:55 | Guard Tower |
| 27:58 | Divine Shield |
| 28:50 | Magic Sentry |
| 28:56 | Steel Forged Swords |
| 30:44 | Storm Bolt |
| 31:24 | Scout Tower |
| 32:52 | Guard Tower |
| 32:55 | Dragonhawk Rider |
| 32:55 | Dragonhawk Rider |
| 34:05 | Dragonhawk Rider |
| 34:07 | Dragonhawk Rider |
| 34:11 | Mithril Forged Swords |
| 36:56 | Brilliance Aura |
| 37:10 | Gryphon Aviary |
| 37:15 | Gryphon Aviary |
| 37:15 | Gryphon Aviary |
| 37:17 | Farm |
| 37:17 | Farm |
| 37:18 | Farm |
| 37:24 | Holy Light |
| 38:47 | Farm |
| 38:49 | Farm |
| 38:49 | Farm |
| 38:50 | Farm |
| 38:50 | Farm |
| 38:51 | Farm |
| 38:51 | Farm |
| 41:19 | Bash |
| 41:55 | Divine Shield |
| 43:20 | Altar of Kings |
| 43:22 | Altar of Kings |
| 43:24 | Farm |
| 43:24 | Farm |
| 43:25 | Farm |
| 43:25 | Farm |
| Right click | 3044 |
| Select | 1817 |
| Select group | 740 |
| Assign group | 326 |
| Use ability | 294 |
| Chat | 141 |
| Build/train/purchase | 131 |
| Resource trade | 26 |
| Minimap ping | 22 |
| Misc. action | 14 |
| Item give/drop | 11 |
| Esc | 1 |



| Staff of Sanctuary | 3 | 750 |
| Staff of Teleportation | 3 | 450 |
| Boots of Speed | 3 | 750 |
| Orb of Venom | 2 | 650 |
| Khadgar's Gem of Health | 1 | 600 |
| Amulet of Spell Shield | 1 | 600 |
| Pendant of Mana | 1 | 600 |
| total: | 14 | 4400g |
| Peasant | 15 | 1125 | / | 0 |
| Priest | 3 | 405 | / | 30 |
| Dragonhawk Rider | 14 | 2800 | / | 420 |
| total: | 32 | 4330g | / | 450w |
| Scout Tower | 116 | 3480 | / | 2320 |
| Arcane Tower | 5 | 350 | / | 250 |
| Guard Tower | 88 | 6160 | / | 4400 |
| Altar of Kings | 1 | 180 | / | 50 |
| Farm | 6 | 480 | / | 120 |
| Lumber Mill | 1 | 120 | / | 0 |
| Town Hall | 1 | 385 | / | 205 |
| Arcane Vault | 2 | 260 | / | 60 |
| Blacksmith | 1 | 140 | / | 60 |
| Barracks | 1 | 160 | / | 60 |
| Arcane Sanctum | 1 | 150 | / | 140 |
| Gryphon Aviary | 2 | 280 | / | 300 |
| Keep | 1 | 320 | / | 210 |
| Castle | 1 | 360 | / | 210 |
| total: | 132 | 5635g | / | 3315w |
| 0:03 | Peasant |
| 0:03 | Peasant |
| 0:03 | Peasant |
| 0:06 | Altar of Kings |
| 0:20 | Farm |
| 0:21 | Peasant |
| 0:34 | Peasant |
| 0:37 | Lumber Mill |
| 0:41 | Scout Tower |
| 0:55 | Scout Tower |
| 0:57 | Peasant |
| 1:03 | Peasant |
| 1:48 | Arcane Tower |
| 1:49 | Scout Tower |
| 1:53 | Scout Tower |
| 1:57 | Arcane Tower |
| 1:59 | Peasant |
| 2:00 | Peasant |
| 2:00 | Peasant |
| 2:01 | Peasant |
| 2:08 | Blizzard |
| 2:08 | Blizzard |
| 2:13 | Peasant |
| 2:16 | Scout Tower |
| 2:18 | Guard Tower |
| 2:20 | Scout Tower |
| 2:22 | Farm |
| 2:27 | Guard Tower |
| 2:37 | Scout Tower |
| 2:53 | Guard Tower |
| 2:55 | Scout Tower |
| 2:56 | Guard Tower |
| 3:07 | Scout Tower |
| 3:07 | Scout Tower |
| 3:26 | Guard Tower |
| 3:28 | Scout Tower |
| 3:29 | Scout Tower |
| 3:30 | Scout Tower |
| 3:38 | Guard Tower |
| 3:46 | Keep |
| 4:01 | Guard Tower |
| 4:13 | Guard Tower |
| 4:13 | Guard Tower |
| 4:17 | Scout Tower |
| 4:38 | Brilliance Aura |
| 4:51 | Guard Tower |
| 4:51 | Guard Tower |
| 4:54 | Improved Masonry |
| 5:16 | Guard Tower |
| 5:17 | Scout Tower |
| 5:21 | Farm |
| 5:44 | Scout Tower |
| 5:44 | Guard Tower |
| 5:51 | Scout Tower |
| 6:43 | Farm |
| 6:44 | Advanced Masonry |
| 6:47 | Scout Tower |
| 6:57 | Scout Tower |
| 6:58 | Scout Tower |
| 7:07 | Staff of Teleportation |
| 7:07 | Boots of Speed |
| 7:18 | Guard Tower |
| 7:23 | Imbued Masonry |
| 7:27 | Arcane Sanctum |
| 7:31 | Scout Tower |
| 7:32 | Scout Tower |
| 7:32 | Scout Tower |
| 7:33 | Scout Tower |
| 7:33 | Scout Tower |
| 7:33 | Scout Tower |
| 7:54 | Storm Bolt |
| 8:01 | Guard Tower |
| 8:08 | Guard Tower |
| 8:09 | Guard Tower |
| 8:12 | Town Hall |
| 8:13 | Scout Tower |
| 8:13 | Scout Tower |
| 8:13 | Scout Tower |
| 8:13 | Scout Tower |
| 8:22 | Blizzard |
| 8:35 | Guard Tower |
| 8:38 | Scout Tower |
| 8:38 | Scout Tower |
| 8:38 | Scout Tower |
| 8:42 | Guard Tower |
| 8:42 | Guard Tower |
| 8:44 | Castle |
| 9:40 | Guard Tower |
| 9:41 | Guard Tower |
| 10:06 | Arcane Vault |
| 10:17 | Guard Tower |
| 10:26 | Guard Tower |
| 10:31 | Farm |
| 10:31 | Farm |
| 10:32 | Priest |
| 10:34 | Magic Sentry |
| 10:34 | Priest |
| 10:40 | Arcane Vault |
| 10:44 | Scout Tower |
| 10:44 | Scout Tower |
| 10:45 | Scout Tower |
| 10:45 | Scout Tower |
| 10:52 | Guard Tower |
| 11:18 | Peasant |
| 11:19 | Peasant |
| 11:22 | Peasant |
| 11:25 | Guard Tower |
| 11:38 | Guard Tower |
| 12:27 | Improved Lumber Harvesting |
| 12:58 | Boots of Speed |
| 13:05 | Gryphon Aviary |
| 13:06 | Gryphon Aviary |
| 13:08 | Blacksmith |
| 13:09 | Barracks |
| 13:11 | Guard Tower |
| 13:29 | Holy Light |
| 13:37 | Guard Tower |
| 13:38 | Scout Tower |
| 13:39 | Scout Tower |
| 13:40 | Scout Tower |
| 13:41 | Scout Tower |
| 13:41 | Scout Tower |
| 13:47 | Boots of Speed |
| 13:47 | Staff of Teleportation |
| 14:35 | Dragonhawk Rider |
| 14:35 | Dragonhawk Rider |
| 14:48 | Iron Forged Swords |
| 14:48 | Studded Leather Armor |
| 15:05 | Bash |
| 15:12 | Dragonhawk Rider |
| 15:12 | Dragonhawk Rider |
| 15:13 | Dragonhawk Rider |
| 16:42 | Cloud |
| 16:44 | Animal War Training |
| 16:46 | Scout Tower |
| 16:47 | Scout Tower |
| 16:48 | Scout Tower |
| 16:48 | Scout Tower |
| 16:56 | Guard Tower |
| 16:56 | Guard Tower |
| 16:57 | Scout Tower |
| 16:58 | Scout Tower |
| 17:31 | Dragonhawk Rider |
| 17:33 | Steel Forged Swords |
| 18:24 | Staff of Sanctuary |
| 18:26 | Staff of Sanctuary |
| 18:30 | Staff of Teleportation |
| 18:35 | Guard Tower |
| 18:38 | Priest |
| 18:40 | Scout Tower |
| 18:41 | Scout Tower |
| 18:41 | Scout Tower |
| 18:42 | Scout Tower |
| 18:47 | Khadgar's Gem of Health |
| 19:09 | Amulet of Spell Shield |
| 19:10 | Pendant of Mana |
| 19:27 | Dragonhawk Rider |
| 19:33 | Guard Tower |
| 20:17 | Guard Tower |
| 20:21 | Dragonhawk Rider |
| 20:47 | Staff of Sanctuary |
| 20:50 | Orb of Venom |
| 20:53 | Orb of Venom |
| 21:17 | Guard Tower |
| 21:19 | Scout Tower |
| 21:19 | Scout Tower |
| 21:19 | Scout Tower |
| 21:34 | Guard Tower |
| 22:11 | Dragonhawk Rider |
| 22:32 | Scout Tower |
| 22:33 | Scout Tower |
| 22:33 | Scout Tower |
| 22:34 | Scout Tower |
| 22:34 | Scout Tower |
| 22:34 | Scout Tower |
| 22:36 | Reinforced Leather Armor |
| 22:38 | Mithril Forged Swords |
| 22:52 | Scout Tower |
| 22:53 | Scout Tower |
| 22:54 | Scout Tower |
| 22:54 | Scout Tower |
| 23:00 | Guard Tower |
| 23:01 | Guard Tower |
| 23:03 | Arcane Tower |
| 23:04 | Guard Tower |
| 23:30 | Guard Tower |
| 23:57 | Divine Shield |
| 23:58 | Guard Tower |
| 24:02 | Scout Tower |
| 24:03 | Scout Tower |
| 24:03 | Scout Tower |
| 24:04 | Scout Tower |
| 24:04 | Scout Tower |
| 24:05 | Scout Tower |
| 24:05 | Scout Tower |
| 24:06 | Scout Tower |
| 24:06 | Scout Tower |
| 24:06 | Scout Tower |
| 24:16 | Dragonhide Armor |
| 25:15 | Guard Tower |
| 25:42 | Guard Tower |
| 25:43 | Guard Tower |
| 25:44 | Scout Tower |
| 25:47 | Scout Tower |
| 25:48 | Scout Tower |
| 25:49 | Scout Tower |
| 26:57 | Dragonhawk Rider |
| 26:58 | Dragonhawk Rider |
| 27:08 | Guard Tower |
| 27:10 | Guard Tower |
| 27:36 | Guard Tower |
| 28:20 | Dragonhawk Rider |
| 28:38 | Guard Tower |
| 29:00 | Guard Tower |
| 29:02 | Guard Tower |
| 29:04 | Scout Tower |
| 29:04 | Scout Tower |
| 29:06 | Scout Tower |
| 29:06 | Scout Tower |
| 29:07 | Scout Tower |
| 29:07 | Scout Tower |
| 29:08 | Scout Tower |
| 29:08 | Scout Tower |
| 29:11 | Scout Tower |
| 29:12 | Scout Tower |
| 29:24 | Scout Tower |
| 29:25 | Scout Tower |
| 29:25 | Scout Tower |
| 30:57 | Brilliance Aura |
| 31:17 | Guard Tower |
| 31:17 | Guard Tower |
| 31:19 | Scout Tower |
| 31:20 | Scout Tower |
| 31:20 | Scout Tower |
| 31:21 | Scout Tower |
| 31:21 | Scout Tower |
| 31:22 | Scout Tower |
| 31:23 | Scout Tower |
| 31:24 | Scout Tower |
| 31:25 | Scout Tower |
| 31:26 | Scout Tower |
| 32:37 | Storm Bolt |
| 34:54 | Guard Tower |
| 34:54 | Guard Tower |
| 35:50 | Dragonhawk Rider |
| 35:50 | Dragonhawk Rider |
| 37:18 | Scout Tower |
| 37:20 | Scout Tower |
| 37:20 | Scout Tower |
| 37:21 | Scout Tower |
| 37:21 | Scout Tower |
| 37:22 | Scout Tower |
| 37:23 | Scout Tower |
| 37:24 | Scout Tower |
| 37:24 | Scout Tower |
| 37:25 | Scout Tower |
| 37:25 | Scout Tower |
| 37:26 | Guard Tower |
| 37:59 | Guard Tower |
| 38:19 | Guard Tower |
| 38:54 | Guard Tower |
| 39:27 | Guard Tower |
| 39:35 | Scout Tower |
| 39:35 | Scout Tower |
| 39:36 | Scout Tower |
| 40:13 | Holy Light |
| 41:41 | Blizzard |
| 42:22 | Guard Tower |
| Right click | 4278 |
| Select group | 1237 |
| Select | 1169 |
| Build/train/purchase | 324 |
| Use ability | 262 |
| Chat | 167 |
| Resource trade | 40 |
| Misc. action | 30 |
| Assign group | 25 |
| Item give/drop | 16 |
| Minimap ping | 14 |
| Remove unit | 2 |



| Orb of Fire | 2 | 650 |
| Staff of Sanctuary | 3 | 750 |
| Scroll of Town Portal | 1 | 350 |
| Boots of Speed | 2 | 500 |
| Staff of Teleportation | 3 | 450 |
| Potion of Invisibility | 1 | 100 |
| Periapt of Vitality | 2 | 650 |
| Circlet of Nobility | 1 | 175 |
| Orb of Venom | 3 | 975 |
| total: | 18 | 4600g |
| Peasant | 17 | 1275 | / | 0 |
| Priest | 1 | 135 | / | 10 |
| Dragonhawk Rider | 12 | 2400 | / | 360 |
| total: | 30 | 3810g | / | 370w |
| Scout Tower | 117 | 3510 | / | 2340 |
| Arcane Tower | 7 | 490 | / | 350 |
| Guard Tower | 57 | 3990 | / | 2850 |
| Altar of Kings | 2 | 360 | / | 100 |
| Farm | 7 | 560 | / | 140 |
| Lumber Mill | 1 | 120 | / | 0 |
| Arcane Vault | 2 | 260 | / | 60 |
| Blacksmith | 1 | 140 | / | 60 |
| Barracks | 1 | 160 | / | 60 |
| Arcane Sanctum | 1 | 150 | / | 140 |
| Gryphon Aviary | 1 | 140 | / | 150 |
| Keep | 1 | 320 | / | 210 |
| Castle | 1 | 360 | / | 210 |
| total: | 133 | 5400g | / | 3050w |
| 0:03 | Peasant |
| 0:04 | Peasant |
| 0:08 | Altar of Kings |
| 0:18 | Farm |
| 0:29 | Peasant |
| 0:42 | Peasant |
| 0:50 | Peasant |
| 0:58 | Scout Tower |
| 1:04 | Peasant |
| 1:04 | Peasant |
| 1:09 | Farm |
| 1:21 | Peasant |
| 1:22 | Peasant |
| 1:26 | Arcane Tower |
| 1:28 | Scout Tower |
| 1:41 | Scout Tower |
| 1:55 | Lumber Mill |
| 1:56 | Peasant |
| 1:56 | Peasant |
| 2:01 | Arcane Tower |
| 2:23 | Blizzard |
| 2:24 | Scout Tower |
| 2:27 | Arcane Tower |
| 2:30 | Peasant |
| 2:30 | Peasant |
| 2:40 | Scout Tower |
| 2:43 | Peasant |
| 2:55 | Guard Tower |
| 2:57 | Scout Tower |
| 2:58 | Peasant |
| 2:58 | Peasant |
| 3:34 | Guard Tower |
| 3:36 | Scout Tower |
| 3:40 | Farm |
| 3:42 | Guard Tower |
| 3:43 | Scout Tower |
| 3:51 | Boots of Speed |
| 3:51 | Staff of Teleportation |
| 4:05 | Guard Tower |
| 4:07 | Scout Tower |
| 4:10 | Scout Tower |
| 4:10 | Guard Tower |
| 4:51 | Guard Tower |
| 4:54 | Scout Tower |
| 4:56 | Guard Tower |
| 4:58 | Scout Tower |
| 5:01 | Scout Tower |
| 5:03 | Keep |
| 5:10 | Scout Tower |
| 5:18 | Improved Masonry |
| 5:21 | Scout Tower |
| 5:23 | Guard Tower |
| 5:25 | Scout Tower |
| 5:29 | Brilliance Aura |
| 5:42 | Guard Tower |
| 5:43 | Scout Tower |
| 5:58 | Guard Tower |
| 5:59 | Scout Tower |
| 6:04 | Guard Tower |
| 6:08 | Scout Tower |
| 6:08 | Scout Tower |
| 6:21 | Guard Tower |
| 6:30 | Scout Tower |
| 6:40 | Guard Tower |
| 6:42 | Scout Tower |
| 6:42 | Scout Tower |
| 6:43 | Scout Tower |
| 6:44 | Scout Tower |
| 6:53 | Scout Tower |
| 6:54 | Scout Tower |
| 6:56 | Guard Tower |
| 7:00 | Scout Tower |
| 7:00 | Scout Tower |
| 7:03 | Guard Tower |
| 7:07 | Scout Tower |
| 7:09 | Scout Tower |
| 7:20 | Guard Tower |
| 7:21 | Guard Tower |
| 7:24 | Guard Tower |
| 7:26 | Advanced Masonry |
| 7:37 | Guard Tower |
| 7:40 | Scout Tower |
| 7:41 | Scout Tower |
| 7:48 | Guard Tower |
| 7:57 | Scout Tower |
| 8:00 | Guard Tower |
| 8:14 | Guard Tower |
| 8:15 | Guard Tower |
| 8:18 | Scout Tower |
| 8:19 | Scout Tower |
| 8:23 | Guard Tower |
| 8:35 | Guard Tower |
| 8:41 | Scout Tower |
| 8:41 | Scout Tower |
| 8:51 | Guard Tower |
| 8:54 | Castle |
| 8:57 | Scout Tower |
| 8:58 | Scout Tower |
| 9:20 | Scout Tower |
| 9:20 | Scout Tower |
| 9:23 | Guard Tower |
| 9:24 | Guard Tower |
| 9:25 | Scout Tower |
| 9:26 | Scout Tower |
| 9:27 | Guard Tower |
| 9:33 | Scout Tower |
| 9:34 | Scout Tower |
| 9:35 | Scout Tower |
| 9:35 | Scout Tower |
| 9:55 | Storm Bolt |
| 9:57 | Guard Tower |
| 10:08 | Scout Tower |
| 10:09 | Scout Tower |
| 10:10 | Scout Tower |
| 10:11 | Scout Tower |
| 10:12 | Scout Tower |
| 10:13 | Guard Tower |
| 10:32 | Guard Tower |
| 10:34 | Scout Tower |
| 10:35 | Scout Tower |
| 10:38 | Guard Tower |
| 10:44 | Arcane Sanctum |
| 10:47 | Farm |
| 10:48 | Farm |
| 11:22 | Boots of Speed |
| 11:22 | Staff of Teleportation |
| 11:22 | Potion of Invisibility |
| 11:38 | Guard Tower |
| 11:40 | Scout Tower |
| 11:41 | Scout Tower |
| 11:41 | Scout Tower |
| 11:43 | Guard Tower |
| 11:53 | Guard Tower |
| 11:55 | Imbued Masonry |
| 12:23 | Magic Sentry |
| 12:58 | Scout Tower |
| 12:58 | Scout Tower |
| 12:59 | Scout Tower |
| 13:28 | Scout Tower |
| 13:29 | Scout Tower |
| 13:29 | Scout Tower |
| 13:30 | Scout Tower |
| 13:32 | Arcane Vault |
| 13:33 | Arcane Vault |
| 13:37 | Scout Tower |
| 13:38 | Scout Tower |
| 13:38 | Scout Tower |
| 13:39 | Scout Tower |
| 13:39 | Guard Tower |
| 13:40 | Scout Tower |
| 13:48 | Guard Tower |
| 13:50 | Scout Tower |
| 13:52 | Scout Tower |
| 13:53 | Scout Tower |
| 13:53 | Scout Tower |
| 14:00 | Holy Light |
| 14:05 | Guard Tower |
| 14:31 | Guard Tower |
| 14:58 | Guard Tower |
| 15:18 | Guard Tower |
| 15:21 | Scout Tower |
| 15:22 | Scout Tower |
| 15:34 | Orb of Fire |
| 15:34 | Staff of Sanctuary |
| 15:47 | Orb of Fire |
| 16:13 | Scout Tower |
| 16:14 | Scout Tower |
| 16:41 | Guard Tower |
| 16:44 | Scout Tower |
| 16:45 | Scout Tower |
| 16:46 | Scout Tower |
| 17:21 | Blizzard |
| 17:35 | Guard Tower |
| 17:37 | Scout Tower |
| 17:38 | Scout Tower |
| 17:39 | Scout Tower |
| 17:41 | Guard Tower |
| 17:52 | Staff of Sanctuary |
| 17:55 | Staff of Sanctuary |
| 18:13 | Guard Tower |
| 18:17 | Scout Tower |
| 18:20 | Gryphon Aviary |
| 18:26 | Scout Tower |
| 18:27 | Scout Tower |
| 18:27 | Scout Tower |
| 18:49 | Guard Tower |
| 18:56 | Guard Tower |
| 19:04 | Guard Tower |
| 19:06 | Scout Tower |
| 19:07 | Scout Tower |
| 19:09 | Scout Tower |
| 19:10 | Scout Tower |
| 19:14 | Priest |
| 19:14 | Priest Adept Training |
| 19:16 | Blacksmith |
| 19:40 | Barracks |
| 19:52 | Guard Tower |
| 19:56 | Scout Tower |
| 19:57 | Scout Tower |
| 20:43 | Guard Tower |
| 20:46 | Scout Tower |
| 20:46 | Scout Tower |
| 20:47 | Scout Tower |
| 20:48 | Scout Tower |
| 20:52 | Dragonhawk Rider |
| 20:53 | Dragonhawk Rider |
| 20:54 | Farm |
| 20:54 | Farm |
| 20:58 | Studded Leather Armor |
| 20:59 | Animal War Training |
| 21:02 | Peasant |
| 21:06 | Improved Lumber Harvesting |
| 21:10 | Bash |
| 21:41 | Periapt of Vitality |
| 21:55 | Dragonhawk Rider |
| 21:55 | Dragonhawk Rider |
| 21:55 | Dragonhawk Rider |
| 21:57 | Guard Tower |
| 21:58 | Guard Tower |
| 22:02 | Scout Tower |
| 22:02 | Scout Tower |
| 22:06 | Staff of Teleportation |
| 23:11 | Reinforced Leather Armor |
| 23:14 | Guard Tower |
| 23:54 | Orb of Venom |
| 23:55 | Orb of Venom |
| 24:18 | Dragonhawk Rider |
| 25:10 | Divine Shield |
| 26:06 | Dragonhawk Rider |
| 26:11 | Dragonhawk Rider |
| 26:18 | Dragonhide Armor |
| 26:18 | Iron Forged Swords |
| 26:26 | Altar of Kings |
| 28:56 | Dragonhawk Rider |
| 28:56 | Dragonhawk Rider |
| 29:03 | Scout Tower |
| 29:04 | Scout Tower |
| 29:04 | Scout Tower |
| 29:05 | Scout Tower |
| 29:05 | Scout Tower |
| 29:06 | Scout Tower |
| 29:06 | Scout Tower |
| 29:07 | Scout Tower |
| 29:11 | Steel Forged Swords |
| 29:19 | Scout Tower |
| 29:19 | Scout Tower |
| 29:21 | Scout Tower |
| 29:22 | Scout Tower |
| 29:22 | Scout Tower |
| 29:23 | Scout Tower |
| 29:24 | Scout Tower |
| 29:25 | Scout Tower |
| 29:25 | Scout Tower |
| 29:40 | Orb of Venom |
| 29:53 | Periapt of Vitality |
| 29:53 | Circlet of Nobility |
| 30:16 | Arcane Tower |
| 30:19 | Arcane Tower |
| 30:20 | Arcane Tower |
| 30:23 | Guard Tower |
| 31:04 | Holy Light |
| 31:05 | Storm Bolt |
| 31:10 | Cloud |
| 31:20 | Arcane Tower |
| 32:29 | Dragonhawk Rider |
| 32:29 | Dragonhawk Rider |
| 32:32 | Guard Tower |
| 37:25 | Brilliance Aura |
| 38:30 | Mithril Forged Swords |
| 38:44 | Scroll of Town Portal |
| 41:52 | Devotion Aura |
| 43:43 | Thunder Clap |
| 43:48 | Blizzard |
| Right click | 4642 |
| Select group | 3683 |
| Select | 514 |
| Use ability | 339 |
| Chat | 338 |
| Build/train/purchase | 173 |
| Misc. action | 52 |
| Minimap ping | 32 |
| Assign group | 28 |
| Item give/drop | 8 |
213 units @ 33.7k
/ 5.4k
95 buildings @ 15.7k
/ 7.4k



| Staff of Preservation | 2 | 300 |
| Orb of Venom | 2 | 650 |
| Potion of Healing | 1 | 150 |
| Anti-magic Potion | 3 | 300 |
| Lesser Clarity Potion | 2 | 140 |
| Moonstone | 1 | 50 |
| Scroll of Healing | 2 | 500 |
| Scroll of Town Portal | 2 | 700 |
| Scroll of Protection | 1 | 150 |
| Potion of Lesser Invulnerability | 1 | 150 |
| total: | 17 | 3090g |
| Wisp | 27 | 1620 | / | 0 |
| Archer | 8 | 1040 | / | 80 |
| Hippogryph | 14 | 2240 | / | 280 |
| Chimaera | 6 | 1980 | / | 420 |
| Mountain Giant | 7 | 2450 | / | 700 |
| Dryad | 3 | 435 | / | 180 |
| total: | 65 | 9765g | / | 1660w |
| Ancient Protector | 1 | 135 | / | 80 |
| Ancient of War | 1 | 150 | / | 60 |
| Moon Well | 6 | 1080 | / | 240 |
| Altar of Elders | 1 | 180 | / | 50 |
| Tree of Life | 1 | 340 | / | 185 |
| Hunter's Hall | 1 | 210 | / | 100 |
| Ancient of Wonders | 2 | 180 | / | 60 |
| Ancient of Wind | 1 | 150 | / | 140 |
| Ancient of Lore | 3 | 465 | / | 435 |
| Chimaera Roost | 3 | 420 | / | 570 |
| Tree of Ages | 1 | 320 | / | 180 |
| Tree of Eternity | 1 | 330 | / | 200 |
| total: | 20 | 3310g | / | 1920w |
| 0:03 | Wisp |
| 0:12 | Wisp |
| 0:23 | Ancient of War |
| 0:28 | Moon Well |
| 0:29 | Wisp |
| 0:40 | Wisp |
| 0:50 | Wisp |
| 1:09 | Wisp |
| 1:12 | Altar of Elders |
| 1:22 | Moon Well |
| 1:22 | Wisp |
| 1:35 | Archer |
| 1:40 | Wisp |
| 1:48 | Archer |
| 2:05 | Archer |
| 2:08 | Wisp |
| 2:18 | Frost Arrows |
| 2:48 | Tree of Ages |
| 2:56 | Archer |
| 3:29 | Archer |
| 3:33 | Moon Well |
| 4:54 | Tree of Life |
| 5:09 | Mana Shield |
| 5:16 | Tree of Eternity |
| 5:25 | Ancient of Wind |
| 5:48 | Improved Bows |
| 7:23 | Wisp |
| 7:23 | Wisp |
| 7:24 | Wisp |
| 7:25 | Wisp |
| 7:27 | Wisp |
| 7:44 | Wisp |
| 7:44 | Wisp |
| 7:45 | Hippogryph |
| 7:51 | Mana Shield |
| 8:47 | Wisp |
| 8:47 | Wisp |
| 8:50 | Chimaera Roost |
| 8:51 | Chimaera Roost |
| 8:52 | Chimaera Roost |
| 9:05 | Archer |
| 9:16 | Moon Well |
| 9:19 | Hunter's Hall |
| 9:22 | Wisp |
| 9:26 | Moon Well |
| 10:03 | Wisp |
| 10:03 | Wisp |
| 10:03 | Wisp |
| 10:04 | Trueshot Aura |
| 10:30 | Corrosive Breath |
| 10:36 | Wisp |
| 10:39 | Wisp |
| 10:40 | Wisp |
| 10:53 | Moon Well |
| 10:58 | Wisp |
| 10:59 | Wisp |
| 11:06 | Chimaera |
| 11:32 | Strength of the Wild |
| 11:48 | Chimaera |
| 12:01 | Chimaera |
| 12:03 | Chimaera |
| 12:05 | Reinforced Hides |
| 12:20 | Hippogryph |
| 12:24 | Ancient Protector |
| 13:05 | Hippogryph |
| 13:07 | Improved Strength of the Wild |
| 13:55 | Ancient of Wonders |
| 14:45 | Well Spring |
| 15:39 | Staff of Preservation |
| 16:35 | Chimaera |
| 16:37 | Hippogryph |
| 16:37 | Hippogryph |
| 16:37 | Hippogryph |
| 16:54 | Orb of Venom |
| 17:00 | Hippogryph |
| 17:16 | Potion of Healing |
| 17:54 | Archer |
| 17:54 | Archer |
| 18:02 | Chimaera |
| 18:03 | Advanced Strength of the Wild |
| 18:17 | Improved Reinforced Hides |
| 18:35 | Anti-magic Potion |
| 18:40 | Scout |
| 19:07 | Lesser Clarity Potion |
| 19:57 | Hippogryph |
| 20:26 | Hippogryph |
| 20:26 | Hippogryph |
| 20:29 | Ultravision |
| 20:42 | Scroll of Healing |
| 20:52 | Advanced Reinforced Hides |
| 20:55 | Nature's Blessing |
| 21:40 | Hippogryph |
| 22:09 | Frost Arrows |
| 22:19 | Hippogryph |
| 24:08 | Scroll of Healing |
| 24:09 | Scroll of Protection |
| 26:21 | Silence |
| 27:48 | Potion of Lesser Invulnerability |
| 28:49 | Ancient of Lore |
| 28:50 | Ancient of Lore |
| 28:53 | Ancient of Lore |
| 29:47 | Orb of Venom |
| 30:12 | Hardened Skin |
| 30:12 | Resistant Skin |
| 30:13 | Mountain Giant |
| 30:48 | Hippogryph |
| 30:49 | Hippogryph |
| 31:15 | Ancient of Wonders |
| 31:36 | Dryad |
| 31:36 | Dryad |
| 31:37 | Dryad |
| 32:33 | Mountain Giant |
| 32:38 | Mountain Giant |
| 32:38 | Mountain Giant |
| 33:13 | Mountain Giant |
| 33:29 | Mountain Giant |
| 33:30 | Mountain Giant |
| 33:35 | Staff of Preservation |
| 33:37 | Anti-magic Potion |
| 35:46 | Life Drain |
| 36:26 | Scroll of Town Portal |
| 36:27 | Anti-magic Potion |
| 41:27 | Scroll of Town Portal |
| 41:28 | Moonstone |
| 41:29 | Lesser Clarity Potion |
| 43:11 | Frost Arrows |
| 43:26 | Life Drain |
| Select group | 2409 |
| Right click | 2391 |
| Select | 740 |
| Misc. action | 253 |
| Build/train/purchase | 178 |
| Assign group | 149 |
| Use ability | 79 |
| Minimap ping | 35 |
| Item give/drop | 4 |
| Chat | 4 |
| Remove unit | 3 |
| Esc | 1 |



| Potion of Healing | 4 | 600 |
| Staff of Preservation | 2 | 300 |
| Orb of Venom | 1 | 325 |
| Anti-magic Potion | 1 | 100 |
| Scroll of Town Portal | 4 | 1400 |
| Scroll of Healing | 1 | 250 |
| Potion of Lesser Invulnerability | 1 | 150 |
| Potion of Invisibility | 1 | 100 |
| total: | 15 | 3225g |
| Wisp | 22 | 1320 | / | 0 |
| Archer | 8 | 1040 | / | 80 |
| Hippogryph | 17 | 2720 | / | 340 |
| Chimaera | 9 | 2970 | / | 630 |
| total: | 56 | 8050g | / | 1050w |
| Ancient Protector | 3 | 405 | / | 240 |
| Ancient of War | 2 | 300 | / | 120 |
| Moon Well | 9 | 1620 | / | 360 |
| Altar of Elders | 1 | 180 | / | 50 |
| Tree of Life | 1 | 340 | / | 185 |
| Hunter's Hall | 2 | 420 | / | 200 |
| Ancient of Wonders | 1 | 90 | / | 30 |
| Ancient of Wind | 2 | 300 | / | 280 |
| Chimaera Roost | 3 | 420 | / | 570 |
| Tree of Ages | 2 | 640 | / | 360 |
| Tree of Eternity | 1 | 330 | / | 200 |
| total: | 24 | 4075g | / | 2035w |
| 0:03 | Wisp |
| 0:06 | Ancient of War |
| 0:10 | Wisp |
| 0:19 | Moon Well |
| 0:23 | Altar of Elders |
| 0:26 | Wisp |
| 0:42 | Wisp |
| 0:48 | Wisp |
| 0:57 | Wisp |
| 1:10 | Archer |
| 1:19 | Wisp |
| 1:31 | Moon Well |
| 1:36 | Wisp |
| 1:42 | Archer |
| 1:50 | Wisp |
| 2:00 | Wisp |
| 2:07 | Archer |
| 2:30 | Archer |
| 2:37 | Chemical Rage |
| 2:40 | Archer |
| 2:41 | Wisp |
| 2:46 | Moon Well |
| 2:50 | Moon Well |
| 2:59 | Archer |
| 3:30 | Tree of Ages |
| 3:47 | Acid Bomb |
| 3:52 | Archer |
| 4:10 | Tree of Life |
| 4:27 | Archer |
| 4:44 | Hunter's Hall |
| 5:09 | Hunter's Hall |
| 5:25 | Acid Bomb |
| 6:14 | Tree of Eternity |
| 6:31 | Wisp |
| 6:31 | Wisp |
| 6:31 | Wisp |
| 7:02 | Ultravision |
| 7:08 | Wisp |
| 7:08 | Wisp |
| 7:11 | Scout |
| 7:45 | Strength of the Wild |
| 8:46 | Chimaera Roost |
| 8:49 | Chimaera Roost |
| 8:51 | Chimaera Roost |
| 8:53 | Wisp |
| 8:56 | Reinforced Hides |
| 8:57 | Ancient of Wind |
| 8:58 | Ancient of Wind |
| 8:59 | Wisp |
| 9:02 | Ancient of Wonders |
| 9:11 | Improved Strength of the Wild |
| 9:12 | Wisp |
| 9:43 | Moon Well |
| 9:45 | Moon Well |
| 10:19 | Hippogryph |
| 10:21 | Chimaera |
| 10:46 | Wisp |
| 10:47 | Wisp |
| 10:47 | Wisp |
| 11:19 | Hippogryph |
| 11:20 | Chimaera |
| 11:36 | Scroll of Town Portal |
| 11:37 | Potion of Lesser Invulnerability |
| 11:38 | Scroll of Healing |
| 11:42 | Corrosive Breath |
| 12:03 | Chimaera |
| 12:17 | Moon Well |
| 12:51 | Chimaera |
| 13:47 | Chimaera |
| 14:08 | Potion of Healing |
| 14:10 | Staff of Preservation |
| 15:18 | Advanced Strength of the Wild |
| 15:18 | Improved Reinforced Hides |
| 16:18 | Moon Well |
| 17:19 | Potion of Healing |
| 17:50 | Potion of Healing |
| 18:04 | Trueshot Aura |
| 18:44 | Chemical Rage |
| 19:06 | Advanced Reinforced Hides |
| 20:52 | Well Spring |
| 21:37 | Orb of Venom |
| 21:38 | Staff of Preservation |
| 22:46 | Hippogryph |
| 23:11 | Hippogryph |
| 23:26 | Entangling Roots |
| 23:42 | Hippogryph |
| 23:49 | Ancient Protector |
| 23:51 | Ancient of War |
| 24:31 | Potion of Healing |
| 24:31 | Anti-magic Potion |
| 27:35 | Hippogryph |
| 27:53 | Hippogryph |
| 28:15 | Scroll of Town Portal |
| 28:19 | Nature's Blessing |
| 29:18 | Force of Nature |
| 29:20 | Hippogryph |
| 29:56 | Hippogryph |
| 30:50 | Trueshot Aura |
| 31:12 | Hippogryph |
| 31:13 | Hippogryph |
| 31:28 | Hippogryph |
| 31:31 | Moon Well |
| 32:38 | Hippogryph |
| 32:52 | Chimaera |
| 33:06 | Acid Bomb |
| 35:59 | Hippogryph |
| 36:11 | Scroll of Town Portal |
| 37:08 | Hippogryph |
| 38:24 | Chimaera |
| 38:48 | Chimaera |
| 38:59 | Ancient Protector |
| 39:02 | Ancient Protector |
| 39:13 | Scout |
| 39:58 | Scroll of Town Portal |
| 40:24 | Potion of Invisibility |
| 41:09 | Entangling Roots |
| 41:33 | Hippogryph |
| 41:57 | Chimaera |
| 43:13 | Hippogryph |
| Right click | 3157 |
| Select group | 1900 |
| Select | 805 |
| Chat | 241 |
| Build/train/purchase | 150 |
| Use ability | 90 |
| Assign group | 52 |
| Minimap ping | 51 |
| Esc | 4 |
| Misc. action | 2 |
| Item give/drop | 1 |


| Healing Salve | 2 | 200 |
| Orb of Lightning | 1 | 375 |
| Scroll of Town Portal | 1 | 350 |
| Circlet of Nobility | 1 | 175 |
| Slippers of Agility +3 | 1 | 100 |
| Claws of Attack +6 | 1 | 125 |
| total: | 7 | 1325g |
| Peon | 22 | 1650 | / | 0 |
| Grunt | 7 | 1400 | / | 0 |
| Spirit Walker | 3 | 585 | / | 105 |
| Tauren | 7 | 1960 | / | 560 |
| Demolisher | 4 | 880 | / | 200 |
| Gargoyle | 3 | 525 | / | 90 |
| total: | 46 | 7000g | / | 955w |
| Watch Tower | 7 | 770 | / | 560 |
| Altar of Storms | 1 | 180 | / | 50 |
| Orc Burrow | 10 | 1600 | / | 400 |
| Barracks | 3 | 540 | / | 150 |
| Voodoo Lounge | 3 | 390 | / | 90 |
| War Mill | 3 | 615 | / | 0 |
| Great Hall | 2 | 770 | / | 370 |
| Tauren Totem | 3 | 405 | / | 465 |
| Stronghold | 1 | 315 | / | 190 |
| Fortress | 1 | 325 | / | 190 |
| total: | 32 | 5270g | / | 2085w |
| 0:04 | Peon |
| 0:10 | Altar of Storms |
| 0:28 | Peon |
| 0:32 | Orc Burrow |
| 0:37 | Peon |
| 0:45 | Barracks |
| 0:50 | Peon |
| 1:00 | Peon |
| 1:18 | Peon |
| 1:33 | Orc Burrow |
| 1:46 | Peon |
| 2:01 | Voodoo Lounge |
| 2:21 | Grunt |
| 2:27 | Critical Strike |
| 2:33 | Peon |
| 2:39 | Orc Burrow |
| 2:43 | Orc Burrow |
| 3:01 | Grunt |
| 3:29 | Stronghold |
| 4:19 | Grunt |
| 4:30 | Grunt |
| 4:35 | War Mill |
| 5:51 | Great Hall |
| 5:54 | Steel Armor |
| 5:59 | Tauren Totem |
| 6:20 | Grunt |
| 6:39 | Fortress |
| 6:47 | Wind Walk |
| 7:18 | Spirit Walker |
| 7:22 | Tauren Totem |
| 7:23 | Steel Melee Weapons |
| 7:44 | Healing Salve |
| 7:49 | Grunt |
| 8:01 | Spirit Walker Adept Training |
| 8:28 | Peon |
| 8:28 | Peon |
| 8:28 | Peon |
| 8:29 | Peon |
| 8:35 | Grunt |
| 8:53 | Orc Burrow |
| 9:16 | Wind Walk |
| 9:29 | Slippers of Agility +3 |
| 9:42 | Claws of Attack +6 |
| 9:47 | Pulverize |
| 9:48 | Tauren |
| 9:50 | Thorium Armor |
| 10:04 | Spirit Walker Master Training |
| 10:39 | Tauren |
| 10:48 | Orc Burrow |
| 10:57 | Circlet of Nobility |
| 11:08 | Peon |
| 11:08 | Peon |
| 11:12 | Thorium Melee Weapons |
| 11:45 | Orc Burrow |
| 11:50 | War Mill |
| 12:54 | Peon |
| 12:55 | Peon |
| 13:08 | Orc Burrow |
| 13:23 | Arcanite Armor |
| 13:25 | Berserker Strength |
| 14:35 | Orc Burrow |
| 14:37 | Arcanite Melee Weapons |
| 14:52 | Demolisher |
| 14:52 | Demolisher |
| 14:52 | Demolisher |
| 15:04 | Peon |
| 15:04 | Peon |
| 15:04 | Peon |
| 15:04 | Peon |
| 15:04 | Peon |
| 15:04 | Peon |
| 15:28 | Barracks |
| 15:54 | Steel Ranged Weapons |
| 16:06 | Spiked Barricades |
| 16:45 | Tauren |
| 16:51 | Tauren Totem |
| 16:56 | Pillage |
| 17:11 | Burning Oil |
| 17:13 | Demolisher |
| 17:30 | Frost Arrows |
| 18:09 | Tauren |
| 19:15 | Spirit Walker |
| 19:28 | Barracks |
| 20:46 | Watch Tower |
| 21:03 | Thorium Ranged Weapons |
| 21:24 | Mirror Image |
| 21:41 | Improved Spiked Barricades |
| 21:42 | Reinforced Defenses |
| 22:14 | Voodoo Lounge |
| 23:16 | Arcanite Ranged Weapons |
| 23:28 | Orc Burrow |
| 26:39 | Tauren |
| 26:39 | Tauren |
| 27:14 | Healing Salve |
| 27:23 | Orb of Lightning |
| 27:30 | Scroll of Town Portal |
| 29:51 | War Mill |
| 31:55 | Forked Lightning |
| 33:00 | Tauren |
| 34:52 | Great Hall |
| 35:38 | Spirit Walker |
| 35:49 | Voodoo Lounge |
| 37:01 | Watch Tower |
| 37:02 | Watch Tower |
| 37:03 | Watch Tower |
| 37:07 | Watch Tower |
| 37:07 | Watch Tower |
| 37:08 | Watch Tower |
| 43:03 | Carrion Swarm |
| 43:34 | Gargoyle |
| 43:34 | Gargoyle |
| 43:34 | Gargoyle |
| Right click | 1346 |
| Select | 820 |
| Chat | 157 |
| Build/train/purchase | 128 |
| Use ability | 37 |
| Minimap ping | 11 |
| Assign group | 4 |
| Item give/drop | 4 |
| Select group | 2 |
| Remove unit | 1 |

| Rod of Necromancy | 1 | 150 |
| Boots of Speed | 1 | 250 |
| total: | 2 | 400g |
| Acolyte | 9 | 675 | / | 0 |
| Ghoul | 5 | 600 | / | 0 |
| Gargoyle | 14 | 2450 | / | 420 |
| Frost Wyrm | 7 | 2695 | / | 840 |
| Meat Wagon | 7 | 1610 | / | 350 |
| Obsidian Statue | 1 | 200 | / | 35 |
| Crypt Fiend | 3 | 645 | / | 120 |
| total: | 46 | 8875g | / | 1765w |
| Nerubian Tower | 1 | 100 | / | 20 |
| Crypt | 3 | 600 | / | 150 |
| Ziggurat | 9 | 1350 | / | 450 |
| Altar of Darkness | 1 | 180 | / | 50 |
| Tomb of Relics | 1 | 130 | / | 30 |
| Graveyard | 1 | 215 | / | 0 |
| Sacrificial Pit | 1 | 75 | / | 150 |
| Slaughterhouse | 1 | 140 | / | 135 |
| Boneyard | 2 | 350 | / | 400 |
| Halls of the Dead | 2 | 640 | / | 420 |
| Black Citadel | 1 | 325 | / | 230 |
| total: | 19 | 3040g | / | 1365w |
| 0:03 | Acolyte |
| 0:04 | Acolyte |
| 0:08 | Crypt |
| 0:10 | Crypt |
| 0:15 | Ziggurat |
| 0:32 | Altar of Darkness |
| 0:49 | Tomb of Relics |
| 1:15 | Ghoul |
| 1:20 | Ziggurat |
| 1:27 | Ghoul |
| 1:44 | Ghoul |
| 1:56 | Ghoul |
| 2:25 | Ghoul |
| 2:35 | Halls of the Dead |
| 2:45 | Rod of Necromancy |
| 2:57 | Vampiric Aura |
| 3:02 | Graveyard |
| 3:24 | Crypt |
| 3:57 | Ziggurat |
| 4:52 | Sleep |
| 5:01 | Creature Attack |
| 5:05 | Gargoyle |
| 5:44 | Vampiric Aura |
| 5:46 | Gargoyle |
| 6:29 | Gargoyle |
| 6:51 | Creature Carapace |
| 7:07 | Black Citadel |
| 7:21 | Gargoyle |
| 7:41 | Ziggurat |
| 7:44 | Gargoyle |
| 8:06 | Improved Creature Attack |
| 8:35 | Carrion Swarm |
| 8:41 | Gargoyle |
| 8:58 | Gargoyle |
| 9:31 | Stone Form |
| 9:33 | Gargoyle |
| 10:21 | Gargoyle |
| 10:38 | Ziggurat |
| 10:40 | Advanced Creature Attack |
| 11:15 | Nerubian Tower |
| 11:29 | Acolyte |
| 12:11 | Acolyte |
| 12:11 | Acolyte |
| 12:11 | Acolyte |
| 12:11 | Acolyte |
| 12:48 | Ziggurat |
| 12:49 | Ziggurat |
| 13:02 | Gargoyle |
| 13:31 | Improved Creature Carapace |
| 14:07 | Sacrificial Pit |
| 14:11 | Ziggurat |
| 14:12 | Ziggurat |
| 14:58 | Gargoyle |
| 14:59 | Gargoyle |
| 15:40 | Boneyard |
| 15:42 | Boneyard |
| 16:40 | Boots of Speed |
| 17:04 | Vampiric Aura |
| 17:30 | Slaughterhouse |
| 17:33 | Freezing Breath |
| 17:34 | Frost Wyrm |
| 18:55 | Frost Wyrm |
| 18:56 | Advanced Creature Carapace |
| 19:18 | Acolyte |
| 20:19 | Meat Wagon |
| 21:23 | Acolyte |
| 21:30 | Frost Wyrm |
| 23:57 | Frost Wyrm |
| 24:08 | Meat Wagon |
| 25:21 | Meat Wagon |
| 26:28 | Frost Wyrm |
| 26:43 | Inferno |
| 27:18 | Meat Wagon |
| 29:41 | Unholy Strength |
| 30:49 | Frost Wyrm |
| 30:57 | Carrion Swarm |
| 32:41 | Meat Wagon |
| 32:41 | Meat Wagon |
| 32:41 | Meat Wagon |
| 34:09 | Obsidian Statue |
| 37:06 | Frost Wyrm |
| 37:08 | Gargoyle |
| 37:08 | Gargoyle |
| 37:18 | Web |
| 37:19 | Crypt Fiend |
| 37:20 | Crypt Fiend |
| 38:04 | Crypt Fiend |
| 40:11 | Carrion Swarm |
| Right click | 1901 |
| Select group | 1694 |
| Select | 532 |
| Misc. action | 149 |
| Build/train/purchase | 144 |
| Chat | 62 |
| Use ability | 42 |
| Assign group | 40 |
| Minimap ping | 33 |
| Remove unit | 8 |
| Item give/drop | 3 |
| Esc | 2 |
⇛